 Seeded DCSS version 0.29-a0-23-ga79f92ac9c (webtiles) character file.

Game seed: 10000000000011 (custom seed)

1056 knot the Chopper (level 8, -10/87 HPs)
             Began as a Demonspawn Berserker on Jan 31, 2022.
             Was a Follower of Trog.
             Mangled by a sixfirhy (13 damage)
             ... summoned by a kobold demonologist
             ... on level 5 of the Dungeon.
             The game lasted 00:05:35 (5664 turns).

knot the Chopper (Demonspawn Berserker)             Turns: 5664, Time: 00:05:36

Health: -10/87     AC:  5    Str: 17    XL:     8   Next: 6%
Magic:  0/8        EV: 11    Int: 11    God:    Trog [*.....]
Gold:   273        SH:  5    Dex: 13    Spells: 7/7 levels left

rFire   . . .      SeeInvis .   s - +0 war axe
rCold   . . .      Faith    .   (no shield)
rNeg    . . .      Spirit   +   h - +0 ring mail
rPois   .          Reflect  +   (no helmet)
rElec   .          Harm     .   (no cloak)
rCorr   .          Rampage  .   (no gloves)
Will    .....                   (no boots)
Stlth   ..........              d - amulet of reflection
HPRegen 0.24/turn               (no ring)
MPRegen 0.22/turn               (no ring)

@: berserking, very quick
A: powered by death 1, magic shield, magic regeneration, demonic touch 2
a: Renounce Religion, Berserk


You were on level 5 of the Dungeon.
You worshipped Trog.
Trog was aware of your devotion.
You visited 1 branch of the dungeon, and saw 5 of its levels.

You collected 273 gold pieces.

Inventory:

Hand Weapons
 s - a +0 war axe (weapon)
Missiles
 g - 104 stones (quivered)
 k - 2 poisoned darts
 p - 4 boomerangs
Armour
 h - a +0 ring mail (worn)
Jewellery
 d - an amulet of reflection (around neck)
Wands
 o - a wand of polymorph (1)
 q - a wand of flame (26)
 r - a wand of charming (6)
Scrolls
 a - a scroll of teleportation {unknown}
 c - a scroll of amnesia {unknown}
 e - 2 scrolls of holy word {unknown}
 l - 2 scrolls of identify {unknown}
 m - 2 scrolls of blinking {unknown}
 n - a scroll of fog {unknown}
Potions
 b - a potion of brilliance {unknown}
 i - a potion of heal wounds {unknown}
 j - a potion of magic {unknown}


   Skills:
 - Level 3.0 Fighting
 * Level 7.0 Axes
 * Level 5.5 Throwing
 - Level 1.7 Armour
 - Level 1.7 Dodging


You had 7 spell levels left.
You didn't know any spells.
Your spell library contained the following spells:

 Spells                   Type           Power      Damage    Failure   Level
 Corpse Rot               Necr/Air       0%         N/A       67%         2
 Ensorcelled Hibernation  Hex/Ice        0%         N/A       67%         2
 Passwall                 Tmut/Erth      0%         N/A       67%         2
 Poisonous Vapours        Pois/Air       0%         N/A       67%         2
 Ozocubu's Armour         Ice            0%         N/A       88%         3
 Swiftness                Air            0%         N/A       88%         3
 Metabolic Englaciation   Hex/Ice        0%         N/A       100%        5
 Simulacrum               Ice/Necr       0%         N/A       100%        6


Dungeon Overview and Level Annotations

Branches:
Dungeon (5/15)             Temple (0/1) D:4

Altars:
Uskayaw

Shops:
D:3 [


Innate Abilities, Weirdness & Mutations

You regenerate a little health from kills.
When hurt, damage is shared between your health and your magic reserves.
You regenerate magic rapidly.
Your touch may inflict irresistible damage on your foes.


Message History

No target in view!
Found a stone staircase leading up.
There is a stone staircase leading up here.
A kobold demonologist comes into view. It is wielding a +0 dagger.
The kobold demonologist shouts!
You fail to use your ability.
You hit the kobold demonologist.
Your touch misses the kobold demonologist.
The kobold demonologist is lightly wounded.
The kobold demonologist hits you with a +0 dagger.
You hit the kobold demonologist.
You touch the kobold demonologist!
You punch the kobold demonologist.
The kobold demonologist is severely wounded.
The kobold demonologist hits you with a +0 dagger.
You hit the kobold demonologist.
The kobold demonologist is severely wounded.
You block the kobold demonologist's attack.
The kobold demonologist barely misses you.
You closely miss the kobold demonologist.
Your touch misses the kobold demonologist.
The kobold demonologist is severely wounded.
The kobold demonologist mumbles some strange words.
You hit the kobold demonologist.
The kobold demonologist is almost dead.
You closely miss the sixfirhy. The sixfirhy hits you! The sixfirhy shocks you!
You block the sixfirhy's attack. The sixfirhy hits you.
The sixfirhy shocks you! The sixfirhy barely misses you.
The kobold demonologist gestures wildly while chanting.
Unknown command.
A red film seems to cover your vision as you go berserk!
You feel yourself moving faster!
You feel mighty! The sixfirhy hits you! The sixfirhy shocks you!
* * * LOW HITPOINT WARNING * * *
The sixfirhy hits you but does no damage.
The sixfirhy hits you.
* * * LOW HITPOINT WARNING * * *
The sixfirhy shocks you!
* * * LOW HITPOINT WARNING * * *
The sixfirhy hits you!
You die...

#.#
#......#....#
#.#
#......###..#
###.#
#...........##
#...#
#..<..####....
#K #.....#
#..## #.
####### #..##
#. #....
#.###### #.##.
#4K@3..# #.##.
######.# #....
#.# ####. #.#
######.
#.#######......
#<........#####
###########


You could see a rust devil (summoned), a kobold demonologist and a sixfirhy
(summoned).

Vanquished Creatures
  A black bear (D:5)
  A wolf (D:4)
  3 ogres
  A boggart (D:5)
  2 scorpions
  Dowan (D:4)
  A centaur zombie (D:5)
  An orc priest (D:4)
  2 hounds (D:5)
  A bullfrog skeleton (D:5)
  2 centaur skeletons
  Ijyb (D:4)
  A scorpion zombie (D:5)
  6 adders
  A white imp (D:5)
  3 orcs
  6 endoplasms
  2 giant cockroaches
  5 goblins
  5 hobgoblins
  14 jackals
  A quokka (D:4)
  4 ball pythons
  7 bats
  5 frilled lizards
  3 kobolds
  5 rats
85 creatures vanquished.

Notes
Turn   | Place    | Note
-------+----------+-------------------------------------------
     0 | D:1      | knot the Demonspawn Berserker began the quest for the Orb.
     0 | D:1      | Reached XP level 1. HP: 18/18 MP: 1/1
   153 | D:1      | Reached skill level 3 in Axes
   498 | D:1      | You fall into a shaft and drop 1 floor!
   530 | D:2      | Gained mutation: You regenerate magic rapidly. [demonic
                  | ancestry]
   530 | D:2      | Reached XP level 2. HP: 16/24 MP: 2/2
   725 | D:1      | Gained mutation: Your touch may inflict minor irresistible
                  | damage on your foes. [demonic ancestry]
   725 | D:1      | Reached XP level 3. HP: 19/29 MP: 3/3
  1162 | D:1      | Reached skill level 4 in Axes
  1926 | D:2      | Reached skill level 1 in Throwing
  1985 | D:2      | Reached XP level 4. HP: 35/35 MP: 4/4
  2242 | D:3      | Noticed an ogre
  2252 | D:3      | Killed an ogre
  2253 | D:3      | Reached XP level 5. HP: 41/41 MP: 5/5
  2332 | D:3      | Found Daocsar's Antique Armour Emporium.
  2433 | D:3      | Reached ** piety under Trog
  2675 | D:4      | Reached skill level 5 in Axes
  2958 | D:4      | Noticed Duvessa
  3061 | D:4      | Noticed Duvessa
  3061 | D:4      | Duvessa changed into Duvessa the wolf
  3072 | D:4      | Killed Duvessa the wolf
  3073 | D:4      | Gained mutation: Your touch may inflict irresistible damage
                  | on your foes. [demonic ancestry]
  3073 | D:4      | Reached XP level 6. HP: 34/47 MP: 6/6
  3332 | D:4      | Noticed Dowan
  3344 | D:4      | Killed Dowan
  3569 | D:4      | Noticed Ijyb
  3575 | D:4      | Killed Ijyb
  3737 | D:4      | Found a staircase to the Ecumenical Temple.
  4203 | D:5      | Entered Level 5 of the Dungeon
  4319 | D:5      | Gained mutation: When hurt, damage is shared between your
                  | health and your magic reserves. [demonic ancestry]
  4319 | D:5      | Reached XP level 7. HP: 20/52 MP: 7/7
  4354 | D:5      | Reached skill level 6 in Axes
  4813 | D:5      | Found a hide-covered altar of Uskayaw.
  4842 | D:5      | Reached skill level 5 in Throwing
  5487 | D:5      | Reached skill level 7 in Axes
  5487 | D:5      | Gained mutation: You regenerate a little health from kills.
                  | [demonic ancestry]
  5487 | D:5      | Reached XP level 8. HP: 58/58 MP: 6/8
  5654 | D:5      | Noticed a kobold demonologist
  5663 | D:5      | Noticed a sixfirhy
  5664 | D:5      | Noticed a rust devil
  5664 | D:5      | HP: 3/87 [sixfirhy[a kobold demonologist] (10)]
  5664 | D:5      | Mangled by a sixfirhy

Illustrated notes

Levels and vault maps discovered:
D:1:      lordsloth_arrival_two_stooges, layout_basic, grunt_decor_fettered,
          minmay_misc_feat_diagonals, nicolae_concentric_dashed_squares_wild
D:2:      layout_rooms, hangedman_decor_clover_reticule
D:3:      layout_basic, serial_shops, shop, kennysheep_path_1
D:4:      layout_rooms, temple_doors_e, uniq_duvessa, uniq_ijyb
D:5:      layout_loops_cross, nicolae_uskayaw_suspiria, item_on_display_a

Skill      XL: |  1  2  3  4  5  6  7 |
---------------+----------------------+-----
Axes           | 3 4 5 7 |  7.0
Throwing       | 1 2 3 4 5 |  5.5
Fighting       | |  3.0
Armour         | |  1.7
Dodging        | |  1.7

Action                   |  1- 3 |  4- 6 |  7- 9 || total
-------------------------+-------+-------+-------++-------
Melee: Hand axe          |   106 |    65 |       ||   171
       Touch             |     8 |    21 |     8 ||    37
       War axe           |       |    10 |    61 ||    71
       Punch             |       |     1 |     2 ||     3
Throw: Stone             |       |     3 |     3 ||     6
Invok: Berserk           |     4 |     7 |     5 ||    16
Evoke: Wand              |       |     5 |     2 ||     7
  Use: Potion            |       |       |     3 ||     3
Armor: Animal skin       |    13 |       |       ||    13
       Ring mail         |    10 |    28 |    19 ||    57
       Skin              |       |       |    15 ||    15
Dodge: Dodged            |    64 |    36 |    25 ||   125
Block: Other             |    23 |    14 |    20 ||    57

Table legend: (Time is in decaauts)
 A = Elapsed time spent in this place.
 B = Non-inter-level travel time spent in this place.
 C = Inter-level travel time spent in this place.
 D = Time resting spent in this place.
 E = Time spent auto-exploring this place.
 F = Levels seen in this place.
 G = Mean time per level.
                   A        B        C        D        E       F      G
               +--------+--------+--------+--------+--------+-----+--------+
         Total |   5840 |   5642 |    198 |   2441 |   2481 |   5 | 1168.0 |
       Dungeon |   5840 |   5642 |    198 |   2441 |   2481 |   5 | 1168.0 |
               +--------+--------+--------+--------+--------+-----+--------+

Top non-repeatable levels by time:
     D:5: 1522 daAuts
     D:1: 1403 daAuts
     D:4: 1185 daAuts
     D:3: 935 daAuts
     D:2: 794 daAuts
